 Dungeon Crawl Stone Soup version 0.20.1-1-g8b1a95d (webtiles) character file.

15438 cba the Blocker (level 12, -7/64 HPs)
             Began as a Vine Stalker Fighter on Aug 6, 2017.
             Was the Champion of Okawaru.
             Mangled by a centaur simulacrum (9 damage)
             ... in an ice cave.
             The game lasted 00:20:05 (9257 turns).

cba the Blocker (Vine Stalker Fighter)              Turns: 9257, Time: 00:20:06

Health: -7/64      AC: 20    Str: 24    XL:     12   Next: 27%
Magic:  0/27       EV:  5    Int:  8    God:    Okawaru [******]
Gold:   642        SH: 13    Dex: 14    Spells: 11/11 levels left

rFire    + . .     SeeInvis .   P - +3 flail (crush)
rCold    . . .     Gourm    .   c - +1 shield
rNeg     . . .     Faith    .   M - +1 plate armour {rF+}
rPois    .         Spirit   +   A - +0 helmet
rElec    .         Reflect  .   v - +0 cloak
rCorr    .         Harm     .   N - +2 pair of gloves
MR       +....                  (no boots)
Stlth    ..........             e - amulet of regeneration
Regen    1.4/turn               w - ring of magical power
MPRegen  0.2/turn               (no ring)

@: marked
A: fangs 3, regeneration 2, magic shield, antimagic bite, no potion heal 3, rot
immunity
a: Heroism, Finesse, Renounce Religion


You were in an ice cave.
You worshipped Okawaru.
Okawaru was exalted by your worship.
You were not hungry.

You visited 2 branches of the dungeon, and saw 11 of its levels.
You also visited: Ice Cave.

You collected 642 gold pieces.

Inventory:

Hand Weapons
 C - a +2 flail of venom
 P - a +3 flail of crushing (weapon)
Missiles
 l - 20 javelins (quivered)
Armour
 a - a +0 plate armour
 c - a +1 shield (worn)
 v - a +0 cloak (worn)
 A - a +0 helmet (worn)
 B - the +2 ring mail of Amorality {rElec rPois rF+}
   (You found it on level 5 of the Dungeon)

   It protects you from fire.
   It insulates you from electricity.
   It protects you from poison.
 M - a +1 plate armour of fire resistance (worn)
 N - a +2 pair of gloves (worn)
Jewellery
 e - an amulet of regeneration (around neck)
 w - a ring of magical power (left hand)
 z - an uncursed amulet of magic regeneration
 D - an uncursed amulet of magic regeneration
 Q - an uncursed amulet of the gourmand
 R - an uncursed amulet of rage {unknown}
Wands
 q - a wand of digging (3/24)
 y - a wand of disintegration (3/24)
 K - a wand of flame (0/48)
 L - a wand of polymorph (14/24)
 V - a wand of paralysis (16/24)
 W - a wand of lightning (10/15)
Scrolls
 g - 3 scrolls of magic mapping
 n - a scroll of recharging
 p - 3 scrolls of amnesia
 t - 3 scrolls of enchant armour
 x - 3 scrolls of fear
 F - a scroll of teleportation
 H - 3 scrolls of remove curse
 O - 2 scrolls of identify
Potions
 b - 2 potions of lignification
 h - 2 potions of degeneration
 i - 2 potions of agility
 j - 6 potions of curing
 r - 6 potions of heal wounds {unknown}
 u - 2 potions of brilliance
 E - 5 potions of flight {unknown}
 J - a potion of cancellation
 S - a potion of resistance {unknown}
 U - a potion of ambrosia {unknown}
Books
 I - a book of Air

   Spells                             Type                      Level
   a - Shock                          Conjuration/Air              1
   b - Swiftness                      Charms/Air                   2
   c - Static Discharge               Conjuration/Air              3
   d - Airstrike                      Air                          4
   e - Lightning Bolt                 Conjuration/Air              5
Comestibles
 f - 5 bread rations
 s - 5 meat rations
 G - 2 royal jellies


   Skills:
 + Level 8.1 Fighting
 + Level 7.8 Maces & Flails
 + Level 7.6 Throwing
 + Level 7.3 Armour
 + Level 8.2 Shields
 + Level 6.8 Invocations


You had 11 spell levels left.
You didn't know any spells.

Dungeon Overview and Level Annotations

Branches:
Dungeon (10/15)            Temple (0/1) D:5            Lair (1/6) D:10
    Orc: D:9-12

Altars:
Ashenzari
Elyvilon
Gozag
Hepliaklqana
Makhleb
Okawaru
Qazlal
Sif Muna
Vehumet
Xom


Innate Abilities, Weirdness & Mutations

You have razor-sharp teeth.
You heal very quickly.
When hurt, damage is shared between your health and your magic reserves.
Your bite disrupts and absorbs the magic of your enemies.
Potions cannot restore your health.
You are immune to rotting.


Message History

* * * LOW HITPOINT WARNING * * *
The ice beast freezes you!
* * * LOW HITPOINT WARNING * * *
The ice beast hits you but does no damage.
The ice statue falters for a moment.
You block the spriggan simulacrum's attack.
The spriggan simulacrum barely misses you.
The spriggan simulacrum hits you but does no damage.
The centaur simulacrum hits you but does no damage.
You hit the ice statue but do no damage.
You bite the ice statue.
The ice statue's magic leaks into the air.
You drain its magic.
You feel invigorated.
You destroy the ice statue!
Okawaru accepts your kill.
The ice beast disappears in a puff of smoke! x2
The centaur simulacrum hits you.
* * * LOW HITPOINT WARNING * * *
The centaur simulacrum freezes you!
You die... #..## #5W#...## ##.## ###.5#..Z.# ##..# ##.###..5#..Z.5 #..## #....###..# WW5Z ##..##...... #### WZ5

##.##....#
.Z
#..#.ZZp#
5
##..§ZZZ#
#...@ZZ#
##.ZZZ.#
###Z...#
##.....
##...#
..## ##


You could see a necromancer, 5 spriggan simulacra, 2 naga simulacra, a centaur
simulacrum, 2 troll simulacra and a draconian simulacrum.

Vanquished Creatures
  Erica (D:8)
  3 two-headed ogres
  Urug (D:10)
  A cyclops (D:7)
  An ice statue (IceCv)
  A spiny frog (Lair:1)
  10 freezing wraiths (IceCv)
  The ghost of vlindergert the Chopper, an amateur HOFi (D:4)
  A hornet (D:10)
  2 trolls
  A hippogriff (D:5)
  A wyvern (Lair:1)
  A basilisk (Lair:1)
  5 yaks (Lair:1)
  2 steam dragons (D:6)
  Edmund (D:5)
  A water moccasin (Lair:1)
  A porcupine (Lair:1)
  A black bear (D:10)
  3 sky beasts
  15 ice beasts
  An alligator simulacrum (IceCv)
  2 orc warriors
  3 phantoms
  3 wolves (D:10)
  5 ogres
  7 centaurs
  2 big kobolds
  Blork the orc (D:5)
  3 bullfrogs
  A wyvern zombie (D:10)
  2 scorpions
  6 killer bees (D:7)
  3 electric eels (D:10)
  A bullfrog zombie (D:5)
  6 crimson imps
  A bullfrog skeleton (D:5)
  3 orc priests
  Crazy Yiuf (D:3)
  6 hounds
  A jelly (D:5)
  7 orc wizards
  Jessica (D:2)
  Ijyb (D:4)
  Terence (D:2)
  Natasha (thrice) (D:2)
  8 iguanas
  3 polar bear simulacra (IceCv)
  7 worker ants
  A centaur simulacrum (IceCv)
  A hound zombie (D:6)
  2 hound skeletons (D:4)
  14 gnolls
  A howler monkey skeleton (D:9)
  A worker ant zombie (D:5)
  8 adders
  3 shadow imps (D:8)
  7 white imps (IceCv)
  2 adder zombies
  An adder skeleton (D:5)
  A worm (D:3)
  3 dart slugs
  3 leopard geckos
  28 orcs
  7 giant cockroaches
  7 hobgoblins
  6 jackals
  9 kobolds
  6 quokkas
  2 ball pythons
  8 bats
  3 frilled lizards
  A giant cockroach zombie (D:5)
  6 goblins
  A leopard gecko skeleton (D:5)
  13 rats
288 creatures vanquished.

Vanquished Creatures (others)
  4 kobolds (D:10)
4 creatures vanquished.

Grand Total: 292 creatures vanquished

Notes
Turn   | Place    | Note
-------+----------+-------------------------------------------
     0 | D:1      | cba the Vine Stalker Fighter began the quest for the Orb.
     0 | D:1      | Reached XP level 1. HP: 11/11 MP: 2/2
    78 | D:1      | Reached XP level 2. HP: 14/16 MP: 3/3
   543 | D:1      | Reached XP level 3. HP: 16/19 MP: 2/4
   901 | D:2      | Found a shimmering altar of Xom.
   909 | D:2      | Noticed Natasha
   915 | D:2      | Killed Natasha
   915 | D:2      | Gained mutation: Your natural rate of healing is unusually fast. [Vine Stalker growth]
   915 | D:2      | Reached XP level 4. HP: 17/23 MP: 5/5
   931 | D:2      | Noticed Natasha
   939 | D:2      | Killed Natasha
   952 | D:2      | Noticed Jessica
   960 | D:2      | Killed Jessica
   960 | D:2      | Reached skill level 1 in Throwing
   972 | D:2      | Reached XP level 5. HP: 28/28 MP: 6/6
  1045 | D:2      | Noticed Terence
  1053 | D:2      | Killed Terence
  1120 | D:2      | Noticed Natasha
  1131 | D:2      | Killed Natasha
  1500 | D:3      | Reached XP level 6. HP: 21/32 MP: 4/7
  1527 | D:3      | Found an iron altar of Okawaru.
  1532 | D:3      | Became a worshipper of Warmaster Okawaru
  1700 | D:3      | Found a runed door.
  1893 | D:3      | Noticed Crazy Yiuf
  1899 | D:3      | Killed Crazy Yiuf
  2091 | D:4      | Reached XP level 7. HP: 37/37 MP: 8/8
  2281 | D:4      | Noticed Ijyb
  2303 | D:4      | Killed Ijyb
  2323 | D:4      | Noticed vlindergert's ghost (amateur HOFi)
  2402 | D:4      | Killed vlindergert's ghost
  2402 | D:4      | Reached * piety under Okawaru
  2646 | D:4      | Gained mutation: You have razor-sharp teeth. [Vine Stalker growth]
  2646 | D:4      | Reached XP level 8. HP: 29/42 MP: 9/9
  3442 | D:5      | Entered Level 5 of the Dungeon
  3464 | D:5      | Found a white marble altar of Elyvilon.
  3503 | D:5      | Noticed Blork the orc
  3507 | D:5      | Noticed a hippogriff
  3511 | D:5      | Killed Blork the orc
  3530 | D:5      | Killed a hippogriff
  3530 | D:5      | Reached ** piety under Okawaru
  3530 | D:5      | Reached skill level 5 in Shields
  3530 | D:5      | Reached skill level 1 in Invocations
  3613 | D:5      | Got a warped ring mail
  3633 | D:5      | Identified the +2 ring mail of Amorality {rElec rPois rF+} (You found it on level 5 of the Dungeon)
  3642 | D:5      | Reached skill level 5 in Fighting
  3656 | D:5      | Reached XP level 9. HP: 38/47 MP: 10/11
  3679 | D:5      | Found a staircase to the Ecumenical Temple.
  3730 | D:5      | Noticed a two-headed ogre
  3769 | D:5      | Killed a two-headed ogre
  3769 | D:5      | Reached *** piety under Okawaru
  3769 | D:5      | Reached skill level 5 in Maces & Flails
  3769 | D:5      | Reached skill level 5 in Armour
  4119 | D:5      | Found a shattered altar of Ashenzari.
  4121 | D:5      | Found a hazy altar of Hepliaklqana.
  4124 | D:5      | Found a burning altar of Makhleb.
  4131 | D:5      | Found a stormy altar of Qazlal.
  4615 | D:5      | Noticed Edmund
  4626 | D:5      | Killed Edmund
  5132 | D:6      | Reached **** piety under Okawaru
  5183 | D:6      | Reached skill level 5 in Throwing
  5271 | D:6      | Reached XP level 10. HP: 51/53 MP: 13/13
  6402 | D:7      | Found a deep blue altar of Sif Muna.
  6408 | D:7      | Found a radiant altar of Vehumet.
  6430 | D:7      | Noticed a cyclops
  6434 | D:7      | Killed a cyclops
  6434 | D:7      | Reached ***** piety under Okawaru
  6679 | D:8      | Found an opulent altar of Gozag.
  6687 | D:8      | Noticed Erica
  6712 | D:8      | Killed Erica
  7189 | D:8      | Found a white marble altar of Elyvilon.
  7341 | D:9      | Received a gift from Okawaru
  7341 | D:9      | Reached skill level 5 in Invocations
  8009 | D:10     | Entered Level 10 of the Dungeon
  8016 | D:10     | Noticed a two-headed ogre
  8017 | D:10     | Noticed a two-headed ogre
  8048 | D:9      | Killed a two-headed ogre
  8048 | D:9      | Received a gift from Okawaru
  8048 | D:9      | Reached XP level 11. HP: 26/58 MP: 14/16
  8099 | D:10     | Killed a two-headed ogre
  8224 | D:10     | Paralysed by a hornet for 2 turns
  8290 | D:10     | Found a staircase to the Lair.
  8362 | D:10     | Noticed Urug
  8378 | D:10     | Killed Urug
  8613 | Lair:1   | Entered Level 1 of the Lair of Beasts
  8722 | Lair:1   | Found a frozen archway.
  8784 | IceCv    | Entered an ice cave
  8796 | IceCv    | HP: 1/59 [alligator simulacrum (9)]
  8881 | IceCv    | Reached ****** piety under Okawaru
  8886 | IceCv    | Gained mutation: You heal very quickly. [Vine Stalker growth]
  8886 | IceCv    | Reached XP level 12. HP: 64/64 MP: 17/17
  9065 | IceCv    | Received a gift from Okawaru
  9135 | IceCv    | Found an ancient bone altar of Kikubaaqudgha.
  9256 | IceCv    | HP: 1/64 [ice beast[an ice statue] (7)]
  9257 | IceCv    | Mangled by a centaur simulacrum

Skill      XL: |  1  2  3  4  5  6  7  8  9 10 11 12 |
---------------+-------------------------------------+-----
Maces & Flails | 2 3 4 5 6 7 |  7.8
Shields        | 3 4 5 6 7 8 |  8.2
Fighting       | 3 4 5 6 7 8 |  8.1
Throwing       | 1 2 3 4 5 6 7 |  7.6
Armour         | 3 4 5 6 7 |  7.3
Invocations    | 2 3 5 6 |  6.8

Action                   |  1- 3 |  4- 6 |  7- 9 | 10-12 || total
-------------------------+-------+-------+-------+-------++-------
Melee: Flail             |   114 |   158 |   273 |   610 ||  1155
       Bite              |    28 |    41 |   111 |   239 ||   419
Throw: Javelin           |       |     1 |     4 |    21 ||    26
Evoke: Wand              |       |       |       |     8 ||     8
  Use: Scroll            |     5 |     7 |     5 |     9 ||    26
       Potion            |       |     1 |       |     5 ||     6
  Eat: Chunk             |       |     3 |    12 |    10 ||    25
       Fruit             |       |       |       |     2 ||     2
       Meat ration       |       |       |       |     1 ||     1
Armor: Scale mail        |    59 |     7 |       |       ||    66
       Ring mail         |       |    57 |   112 |     7 ||   176
       Plate armour      |       |       |       |   401 ||   401
Dodge: Dodged            |    47 |    44 |    93 |   170 ||   354
Block: Shield            |    54 |    78 |   151 |   469 ||   752
